 Dungeon Crawl Stone Soup version 0.30-a0-142-g7370640ec8 (webtiles) character file.

Game seed: 9517706694731840978

132 qw the Chopper (level 5, -2/32 HPs)
             Began as a Gargoyle Fighter on Sept 26, 2022.
             Slain by Pikel
             ... wielding a +1 whip of freezing
              (9 damage)
             ... on level 4 of the Dungeon.
             The game lasted 00:00:56 (3178 turns).

qw the Chopper (Gargoyle Fighter)                   Turns: 3178, Time: 00:00:57

Health: -2/32      AC: 12    Str: 22    XL:     5   Next: 15%
Magic:  5/5        EV:  9    Int:  8    God:
Gold:   100        SH:  5    Dex:  9    Spells: 4/4 levels left

rFire   + + +      SeeInvis .    Y - +0 war axe
rCold   . . .      Faith    .    r - +1 buckler of a volcano {-Cast rElec rF+++ Regen+}
rNeg    + . .      Spirit   .    b - +0 scale mail
rPois   inf        Reflect  .    f - +0 helmet
rElec   +          Harm     .    (no cloak)
rCorr   +          Rampage  .    (no gloves)
Will    +....      NoCast   +    (no boots)
Stlth   ..........               (no amulet)
HPRegen 0.90/turn                h - ring of resist corrosion
MPRegen 0.09/turn                k - ring of willpower

@: no status effects
A: sickness immunity, AC +4, negative energy resistance 1, electricity
resistance, torment resistance 1, petrification resistance
a: no special abilities


You were on level 4 of the Dungeon.
You visited 1 branch of the dungeon, and saw 4 of its levels.

You collected 100 gold pieces.


Innate Abilities, Weirdness & Mutations

You are immune to sickness and miasma.
Your stone body is resilient. (AC +4)
You are immune to poison.
You resist negative energy. (rN+)
You are resistant to electric shocks. (rElec)
You are resistant to unholy torment.
You are immune to petrification.


   Skills:
 - Level 3.2 Fighting
 + Level 4.5 Axes
 - Level 1.0 Throwing
 - Level 3.2 Armour
 - Level 3.2 Shields


You had 4 spell levels left.
You didn't know any spells.
Your spell library was empty.

Inventory:

Hand Weapons
 q - a +0 morningstar
 Y - a +0 war axe (weapon)
Armour
 b - a +0 scale mail (worn)
 f - a +0 helmet (worn)
 r - the +1 buckler of a volcano (worn) {-Cast rElec rF+++ Regen+}
   (You found it on level 3 of the Dungeon)

   rF:        It renders you almost immune to fire.
   rElec:     It insulates you from electricity.
   -Cast:     It prevents spellcasting.
   Regen:     It increases your rate of health regeneration.
Jewellery
 h - a ring of resist corrosion (left hand)
 k - a ring of willpower (right hand)
Scrolls
 a - 2 scrolls of teleportation
Potions
 d - a potion of might
 e - a potion of brilliance {unknown}
 g - a potion of resistance {unknown}
 i - a potion of haste {unknown}
 j - a potion of flight {unknown}
 m - a potion of lignification
 n - a potion of curing
 o - a potion of attraction {unknown}

Dungeon Overview and Level Annotations

Branches:
Dungeon (4/15)
 Temple: D:4-7

Altars:

Annotations:
D:4 Pikel


Message History

You barely miss the lemure. You barely miss Pikel. You hit the lemure.
The lemure hits you but does no damage. The lemure barely misses you.
You block Pikel's attack. The lemure hits you but does no damage.
You closely miss the lemure.
The lemure is severely wounded.
You hit the lemure. You hit Pikel but do no damage. You hit the lemure.
The lemure hits you. The lemure hits you but does no damage.
Pikel zaps a wand.
You resist with almost no effort. The lemure barely misses you.
You slash the lemure!
You kill the lemure!
That felt strangely unrewarding.
You closely miss the lemure. You hit Pikel. You closely miss the lemure.
The lemure closely misses you. x2; Pikel zaps a wand.
You resist with almost no effort. The lemure hits you!
The lemure hits you but does no damage.
Pikel hits you with a +1 whip of freezing.
Pikel freezes you.
You hit the lemure.
The lemure is moderately wounded.
You closely miss Pikel. You closely miss the lemure.
The lemure barely misses you. The lemure hits you but does no damage.
You block Pikel's attack.
You slash the lemure!
The lemure is almost dead.
You hit Pikel. You slash the lemure! The lemure hits you but does no damage.
The lemure barely misses you. Pikel hits you but does no damage.
You barely miss the lemure.
The lemure is almost dead.
You hit the lemure but do no damage. You hit Pikel but do no damage.
The lemure closely misses you. The lemure hits you but does no damage.
Pikel zaps a wand.
You resist with almost no effort.
You slash the lemure!
You kill the lemure!
That felt strangely unrewarding.
You closely miss Pikel. You slash the lemure! The lemure closely misses you.
Pikel hits you with a +1 whip of freezing.
Pikel freezes you. The lemure hits you but does no damage.
Pikel hits you with a +1 whip of freezing!
You die...

#.....###
.........
#........
........#
........#
........#####.#
.......)......#
.......K@.....#
##.###.5?.....#
#.######... #.
# #( #K .. o.


You could see Pikel and a lemure.

Vanquished Creatures
  3 lemures (D:4)
  An orc wizard (D:3)
  4 adders
  A worm (D:3)
  8 orcs
  3 ball pythons (D:3)
  8 endoplasms
  3 giant cockroaches
  3 goblins
  4 hobgoblins
  5 jackals (D:3)
  A quokka (D:2)
  4 bats
  2 frilled lizards
  8 kobolds
  2 rats
60 creatures vanquished.

Notes
Turn   | Place    | Note
-------+----------+-------------------------------------------
     0 | D:1      | qw the Gargoyle Fighter began the quest for the Orb.
     0 | D:1      | Reached XP level 1. HP: 14/14 MP: 1/1
     0 | D:1      | 0 ||| qw: Version: 0.2-a-10-g399e6c4
     0 | D:1      | 0 ||| qw: Game counter: 471
     0 | D:1      | 0 ||| qw: Always use a shield: true
     0 | D:1      | 0 ||| qw: God list: Okawaru
     0 | D:1      | 0 ||| qw: Allow faded altars: false
     0 | D:1      | 0 ||| qw: Do Orc after D:15 true
     0 | D:1      | 0 ||| qw: Do second Lair branch before Depths: true
     0 | D:1      | 0 ||| qw: Lair rune preference: random
     0 | D:1      | 0 ||| qw: Plans: Normal, Zot:1-4, God:TSO, Crypt, Tomb,
                  | Pan, Slime:5, Hells, Abyss, Orb
     0 | D:1      | 0 ||| PLANNING D:1-11
    75 | D:1      | Reached skill level 2 in Axes
   228 | D:1      | Found a faded altar of an unknown god.
   244 | D:1      | Reached XP level 2. HP: 19/19 MP: 2/2
   374 | D:1      | 374 ||| DROPPING +0 club.
  1031 | D:1      | 1031 ||| UPGRADING to +0 helmet.
  1036 | D:1      | 1036 ||| UPGRADING to ring of resist corrosion.
  1037 | D:1      | 1037 ||| READING scroll labelled NUCOIL NOTOUZ.
  1038 | D:1      | 1038 ||| READING scroll labelled QOCAUJUWYNN.
  1039 | D:1      | 1039 ||| READING scroll labelled DUHYF JAECAXUR.
  1042 | D:1      | 1042 ||| READING scroll labelled NEESOLIRHU.
  1043 | D:1      | 1043 ||| DRINKING 2 dark potions.
  1044 | D:1      | 1044 ||| DRINKING 2 lumpy coppery potions.
  1045 | D:1      | 1045 ||| DROPPING potion of invisibility.
  1046 | D:1      | 1046 ||| DROPPING potion of degeneration.
  1071 | D:2      | 1071 ||| Stepping ~*~*~tactically~*~*~ (stealth).
  1073 | D:2      | 1073 ||| Stepping ~*~*~tactically~*~*~ (stealth).
  1075 | D:2      | 1075 ||| Stepping ~*~*~tactically~*~*~ (stealth).
  1214 | D:2      | Reached skill level 3 in Axes
  1214 | D:2      | Reached XP level 3. HP: 21/23 MP: 3/3
  2064 | D:2      | 2064 ||| READING scroll labelled ULIVOFOA HAFE.
  2065 | D:2      | 2065 ||| DRINKING 2 fuming puce potions.
  2111 | D:2      | 2111 ||| DRINKING 2 inky potions.
  2241 | D:3      | 2241 ||| Stepping ~*~*~tactically~*~*~ (stealth).
  2250 | D:3      | Reached skill level 1 in Throwing
  2250 | D:3      | Reached XP level 4. HP: 27/28 MP: 4/4
  2551 | D:3      | 2551 ||| Stepping ~*~*~tactically~*~*~ (hiding).
  2560 | D:3      | Reached skill level 4 in Axes
  2592 | D:3      | 2592 ||| FLEEEEING.
  2593 | D:3      | 2593 ||| FLEEEEING.
  2594 | D:3      | 2594 ||| FLEEEEING.
  2595 | D:3      | 2595 ||| FLEEEEING.
  2596 | D:3      | 2596 ||| FLEEEEING.
  2597 | D:3      | 2597 ||| FLEEEEING.
  2598 | D:3      | 2598 ||| FLEEEEING.
  2599 | D:3      | 2599 ||| FLEEEEING.
  2600 | D:3      | 2600 ||| FLEEEEING.
  2601 | D:3      | 2601 ||| FLEEEEING.
  2602 | D:3      | 2602 ||| FLEEEEING.
  2603 | D:3      | 2603 ||| FLEEEEING.
  2604 | D:3      | 2604 ||| FLEEEEING.
  2605 | D:3      | 2605 ||| FLEEEEING.
  2606 | D:3      | 2606 ||| FLEEEEING.
  2607 | D:3      | 2607 ||| FLEEEEING.
  2608 | D:3      | 2608 ||| FLEEEEING.
  2609 | D:3      | 2609 ||| STAIRDANCE
  2642 | D:2      | 2642 ||| UPGRADING to ring of willpower.
  2728 | D:3      | 2728 ||| DROPPING +0 mace.
  2795 | D:3      | Reached XP level 5. HP: 32/32 MP: 5/5
  2829 | D:3      | 2829 ||| Stepping ~*~*~tactically~*~*~ (stealth).
  3023 | D:3      | Identified the +1 buckler of a volcano {-Cast rElec rF+++
                  | Regen+}
  3059 | D:3      | 3059 ||| Stepping ~*~*~tactically~*~*~ (stealth).
  3062 | D:3      | 3062 ||| Stepping ~*~*~tactically~*~*~ (stealth).
  3130 | D:3      | 3130 ||| UPGRADING to +1 buckler of a volcano {-Cast rElec
                  | rF+++ Regen+}.
  3140 | D:3      | 3140 ||| DROPPING +0 buckler.
  3141 | D:3      | 3141 ||| DROPPING +6 ring of intelligence.
  3156 | D:4      | Noticed a lemure
  3156 | D:4      | Noticed a lemure
  3159 | D:4      | Noticed Pikel
  3160 | D:4      | 3160 ||| Stepping ~*~*~tactically~*~*~ (hiding).
  3168 | D:4      | Noticed a lemure
  3168 | D:4      | Noticed a lemure
  3169 | D:4      | Killed a lemure
  3174 | D:4      | Killed a lemure
  3178 | D:4      | Killed a lemure
  3178 | D:4      | HP: 7/32 [Pikel/+1 whip of freezing (3)]
  3178 | D:4      | Slain by Pikel

Levels and vault maps discovered:
D:1:      minmay_arrival_checkered_box, layout_loops_ring,
          shapermc_ecumenical_altar_gd, minmay_misc_feat_x
D:2:      layout_basic, corexii_leaking_fountain
D:3:      layout_basic
D:4:      layout_basic, minmay_misc_feat_pillars, minmay_crystal_water,
          uniq_duvessa, uniq_grinder, uniq_sigmund, uniq_pikel

Skill      XL: |  1  2  3  4 |
---------------+-------------+-----
Axes           | 2 3 4 |  4.5
Throwing       | 1 |  1.0
Fighting       | |  3.2
Armour         | |  3.2
Shields        | |  3.2

Action                   |  1- 3 |  4- 6 || total
-------------------------+-------+-------++-------
Melee: War axe           |    81 |    84 ||   165
Throw: Javelin           |    17 |    16 ||    33
  Use: Scroll            |     5 |       ||     5
       Potion            |     4 |       ||     4
Armor: Scale mail        |    33 |    51 ||    84
Dodge: Dodged            |    39 |    37 ||    76
Block: Buckler           |    14 |    16 ||    30

Table legend:
 A = Non-vault XP
 B = Vault XP
 C = Vault XP percentage of total XP
 D = Non-vault monster count
 E = Vault monster count
 F = Vault count percentage of total count
                 A         B        C        D         E       F
            +---------+---------+-------+---------+---------+-------
      Total |     189 |       0 |   0.0 |      57 |       0 |   0.0
            +---------+---------+-------+---------+---------+-------
        D:1 |      21 |       0 |   0.0 |      13 |       0 |   0.0
        D:2 |      48 |       0 |   0.0 |      15 |       0 |   0.0
        D:3 |     117 |       0 |   0.0 |      28 |       0 |   0.0
        D:4 |       3 |       0 |   0.0 |       1 |       0 |   0.0
            +---------+---------+-------+---------+---------+-------
